Map: Eternal Empire LE

Players

MaruKondo

  • Race: Protoss Protoss
  • League: Master
  • Spawn Location: 7:00

A.I. 2 (Very Easy) - Winner!

  • Race: Protoss Protoss
  • Spawn Location: 1:00

VOD

Have the link to the VOD?

Description

Time

  • Played on: May 21, 2020, 12:42 p.m.
  • Length: 7:37
Show
View Real Time Build Order
Export as new Build Order

MaruKondo Protoss 

Build Orders: Phoenix Opening, Zealot Archon, Archon Drop 

Get SALT Encoding   

  12  0:01  Probe  
  13  0:13  Probe  
  14  0:18  Pylon  
  14  0:25  Probe  
  15  0:37  Probe (Chrono Boost)  
  15  0:39  Gateway  
  16  0:47  Probe (Chrono Boost)  
  16  0:49  Assimilator  
  17  0:51  Probe (Chrono Boost)  
  17  0:56  Assimilator  
  18  1:03  Probe (Chrono Boost)  
  19  1:10  Gateway  
  19  1:13  Probe (Chrono Boost)  
  19  1:18  Probe (Chrono Boost)  
  21  1:27  Cybernetics Core  
  21  1:30  Probe  
  22  1:35  Pylon  
  22  1:43  Probe  
  23  1:56  Probe  
  24  2:04  Warp Gate, Sentry, Stalker  
  28  2:08  Pylon  
  28  2:23  Pylon  
  28  2:30  Stalker  
  28  2:34  Stalker  
  32  2:41  Phoenix  
  32  2:48  Nexus  
  32  2:51  Probe  
  33  3:04  Probe  
  34  3:09  Sentry, Stalker  
  38  3:15  Pylon  
  38  3:16  Probe  
  39  3:33  Probe  
  40  3:41  Forge, Twilight Council  
  40  3:45  Probe (Chrono Boost)  
  41  3:57  Probe (Chrono Boost)  
  41  4:02  Probe (Chrono Boost)  
  43  4:05  Phoenix  
  43  4:06  Probe (Chrono Boost)  
  43  4:09  Protoss Ground Weapons Level 1 (Chrono Boost)  
  45  4:10  Probe (Chrono Boost)  
  45  4:15  Probe (Chrono Boost)  
  47  4:18  Blink  
  47  4:19  Probe (Chrono Boost)  
  47  4:23  Probe (Chrono Boost)  
  48  4:27  Probe (Chrono Boost)  
  48  4:28  Robotics Facility  
  50  4:32  Probe (Chrono Boost)  
  50  4:34  Probe (Chrono Boost)  
  50  4:35  Pylon  
  52  4:38  Probe (Chrono Boost)  
  52  4:40  Probe  
  52  4:45  Assimilator  
  53  4:48  Assimilator  
  53  4:50  Probe  
  53  4:52  Probe  
  55  4:55  Pylon  
  55  5:02  Probe  
  55  5:04  Probe  
  57  5:11  Gateway x2  
  57  5:14  Probe  
  57  5:15  Observer  
  57  5:18  Gateway  
  57  5:19  Gateway  
  59  5:24  Templar Archives  
  59  5:33  Gateway x2  
  59  5:45  Pylon  
  59  5:49  Warp Prism  
  61  5:55  Nexus  
  61  6:00  High Templar  
  61  6:01  High Templar  
  65  6:05  Archon  
  65  6:09  High Templar x2  
  69  6:16  Archon  
  69  6:22  Zealot x2  
  73  6:27  Pylon  
  73  6:32  High Templar x2  
  77  6:33  Zealot x2  
  77  6:37  Archon  
  81  6:44  Zealot x2  
  81  6:45  Pylon  
  81  6:46  Pylon  
  85  6:50  Zealot x2  
  89  6:54  Zealot x2  
  93  7:04  High Templar x2  
  93  7:05  Zealot x2  
  101  7:08  Archon  
  101  7:10  Zealot x2  
  101  7:15  Zealot x2  
  109  7:31  High Templar x2  
  109  7:33  Zealot  
  109  7:34  Zealot  
  109  7:35  Archon  
  109  7:36  Zealot x2  
  109  7:37  Zealot  
Show
View Real Time Build Order
Export as new Build Order

A.I. 2 (Very Easy) Protoss - Winner!

Build Orders: 1 Gate Expand, Nexus First 

Get SALT Encoding   

  12  0:00  Probe  
  13  0:13  Probe  
  14  0:19  Pylon  
  14  0:43  Gateway  
  14  1:02  Nexus  
  14  1:19  Pylon  
  14  1:21  Zealot  
  14  1:23  Assimilator  
  16  1:36  Cybernetics Core  
  16  1:38  Probe  
  17  1:50  Probe  
  18  2:00  Probe  
  18  2:01  Assimilator  
  18  2:05  Stalker  
  19  2:08  Probe  
  19  2:13  Warp Gate  
  22  2:17  Probe  
  23  2:23  Probe  
  24  2:32  Probe  
  25  2:39  Probe  
  26  2:51  Probe  
  27  2:52  Assimilator  
  27  2:55  Pylon  
  27  2:58  Probe  
  28  3:05  Probe  
  29  3:12  Probe  
  30  3:19  Probe, Robotics Facility  
  31  3:26  Zealot  
  33  3:31  Probe  
  34  3:38  Probe  
  35  3:45  Probe  
  36  3:52  Probe  
  37  4:00  Probe  
  38  4:05  Probe  
  38  4:07  Observer  
  40  4:12  Probe  
  41  4:17  Probe  
  42  4:24  Probe  
  42  4:25  Assimilator  
  42  4:29  Observer  
  44  4:35  Probe  
  45  4:39  Stalker, Pylon  
  45  4:42  Probe  
  48  4:50  Probe  
  49  4:57  Probe  
Tags
 
Add a new tag
Caveats
  • Supply blocks, unpowered buildings, or Contaminate may cause inaccurate times.
  • Supply counts are checked every 10 seconds.